 Dungeon Crawl Stone Soup version 0.30-a0-591-g3c58d2bc28 (webtiles) character file.

Game seed: 3871973342056450644

14 brightshaft the Cudgeller (level 2, -2/24 HPs)
             Began as a Vine Stalker Berserker on Jan 4, 2023.
             Was a Follower of Trog.
             Slain by a kobold
             ... wielding a +1 short sword of flaming
              (3 damage)
             ... on level 1 of the Dungeon.
             The game lasted 00:00:49 (396 turns).

brightshaft the Cudgeller (Vine Stalker Berserker)   Turns: 396, Time: 00:00:50

Health: -2/24      AC:  2    Str: 19    XL:     2   Next: 41%
Magic:  0/3        EV: 12    Int:  7    God:    Trog [*.....]
Gold:   18         SH:  0    Dex: 13    Spells: 1/1 levels left

rFire   . . .      SeeInvis .    a - +0 mace
rCold   . . .      Faith    .    (no shield)
rNeg    . . .      Spirit   +    b - +0 animal skin
rPois   .          Reflect  .    (no helmet)
rElec   .          Harm     .    (no cloak)
rCorr   .          Rampage  .    (no gloves)
Will    .....                    (no boots) Stlth
                                 (no amulet)
HPRegen 0.24/turn                (no ring)
MPRegen 0.08/turn                (no ring)

@: berserking (expiring), very quick
A: fangs 2, magic shield, antimagic bite, no potion heal 2
a: Renounce Religion, Berserk


You were on level 1 of the Dungeon.
You worshipped Trog.
Trog was aware of your devotion.
You visited 1 branch of the dungeon, and saw 1 of its levels.

You collected 18 gold pieces.

Inventory:

Hand Weapons
 a - a +0 mace (weapon)
Armour
 b - a +0 animal skin (worn)
Scrolls
 c - 2 scrolls of identify {unknown}
 e - a scroll of immolation {unknown}
Potions
 d - a potion of ambrosia {unknown}
 f - a potion of cancellation {unknown}
 g - a potion of mutation {unknown}


   Skills:
 + Level 2.8 Fighting
 * Level 3.0 Maces & Flails
 + Level 1.7 Armour
 + Level 1.7 Dodging


You had one spell level left.
You didn't know any spells.
Your spell library was empty.

Dungeon Overview and Level Annotations

Branches:
Dungeon (1/15)

Altars:


Innate Abilities, Weirdness & Mutations

You have extremely sharp teeth.
When hurt, damage is shared between your health and your magic reserves.
Your bite disrupts and absorbs the magic of your enemies.
Potions cannot restore your health.


Message History

Trog accepts your kill. The jackal bites you. The jackal closely misses you.
The quokka bites you.
Your Maces & Flails skill increases to level 3!
You are too injured to fight recklessly!
You are too injured to fight recklessly!
You are too injured to fight recklessly!
You are too injured to fight recklessly!
You are too injured to fight recklessly!
You are too injured to fight recklessly!
You are too injured to fight recklessly!
You closely miss the quokka. The jackal bites you. x2
The quokka barely misses you. The quokka closely misses you.
The jackal bites you. The jackal barely misses you.
You miss the quokka. The quokka misses you. The jackal barely misses you.
The jackal bites you but does no damage.
The quokka bites you.
You closely miss the quokka. You bite the quokka.
You kill the quokka!
Trog accepts your kill. The quokka misses you.
The jackal bites you but does no damage. x2
You closely miss the jackal. You bite the jackal.
You kill the jackal!
Trog accepts your kill. The jackal bites you.
* * * LOW HITPOINT WARNING * * *
The quokka closely misses you.
You closely miss the quokka. The jackal bites you.
* * * LOW HITPOINT WARNING * * *
The quokka closely misses you.
The kobold hits you with a +1 short sword of flaming.
The kobold burns you.
* * * LOW HITPOINT WARNING * * *
You sock the quokka!
You kill the quokka!
Trog accepts your kill. The jackal bites you.
* * * LOW HITPOINT WARNING * * *
The kobold hits you with a +1 short sword of flaming.
You die...

######.#.#########.#.#########.#.
.'.....#...........#...........#.
#################################
# #.# ...>........... # #.#
..........#.. # #.# ............
####.### ####.....$....
.##....####....†††......
..#.....(....##.@h.##
.........##.#....K..##.#
..######................
.##.......).....###.#...
...>#######....## ....#
..#.######....## ##..
..............######## #
....###..#..#.........
.#..........#.........


You could see a jackal and a kobold.

Vanquished Creatures
  A bat (D:1)
  2 endoplasms (D:1)
  A goblin (D:1)
  2 jackals (D:1)
  2 quokkas (D:1)
  A frilled lizard (D:1)
  2 kobolds (D:1)
  2 rats (D:1)
13 creatures vanquished.

Notes
Turn   | Place    | Note
-------+----------+-------------------------------------------
     0 | D:1      | brightshaft the Vine Stalker Berserker began the quest for
                  | the Orb.
     0 | D:1      | Reached XP level 1. HP: 11/11 MP: 2/2
   105 | D:1      | Reached XP level 2. HP: 14/16 MP: 1/3
   391 | D:1      | Reached skill level 3 in Maces & Flails
   396 | D:1      | HP: 1/24 [jackal (3)]
   396 | D:1      | Slain by a kobold

Illustrated notes

Levels and vault maps discovered:
D:1:      roderic_crop_circles_arrival_small, layout_rooms,
          shapermc_ecumenical_altar_hornbeckon, roderic_serpentine_path

Skill      XL: |  1  2 |
---------------+-------+-----
Maces & Flails | 3 |  3.0
Fighting       | |  2.8
Armour         | |  1.7
Dodging        | |  1.7

Action                   || total
-------------------------++-------
Melee: Mace              ||    43
       Bite              ||     7
Invok: Berserk           ||     2
Armor: Animal skin       ||    10
Dodge: Dodged            ||    39

Table legend: (Time is in decaauts)
 A = Elapsed time spent in this place.
 B = Non-inter-level travel time spent in this place.
 C = Inter-level travel time spent in this place.
 D = Time resting spent in this place.
 E = Time spent auto-exploring this place.
 F = Levels seen in this place.
 G = Mean time per level.
                   A        B        C        D        E       F      G
               +--------+--------+--------+--------+--------+-----+--------+
         Total |    411 |    411 |      0 |      0 |    297 |   1 |  411.0 |
       Dungeon |    411 |    411 |      0 |      0 |    297 |   1 |  411.0 |
               +--------+--------+--------+--------+--------+-----+--------+

Top non-repeatable levels by time:
     D:1: 411 daAuts
